Get step-by-step instructions on how to execute this build order below. Start the game timer, and the build order will tick by so you can play in parallel with StarCraft on a second screen or mobile device.

Game Time

  0:00

Last Step

  N/A

Next Step

Upcoming Step



Don't want to look back and forth between 2 screens? Try out our Overwolf App, the Spawning Tool Build Advisor to get an in-game overlay with this build!

Complete Build Order

  12  0:01  SCV  
  13  0:13  SCV  
  14  0:23  Supply Depot  
  14  0:25  SCV  
  15  0:45  SCV, Supply Depot  
  16  0:51  Barracks  
  16  0:57  SCV  
  17  1:09  SCV  
  17  1:10  Barracks  
  18  1:21  SCV  
  18  1:23  Barracks  
  19  1:38  Orbital Command  
  19  1:40  Marine  
  20  1:55  Barracks  
  20  1:57  Marine  
  20  1:58  Marine  
  22  2:13  Marine  
  22  2:15  Marine  
  24  2:16  Marine  
  24  2:19  SCV  
  26  2:31  SCV, Marine  
  26  2:33  Marine  
  26  2:34  Marine  
  30  2:40  Command Center  
  30  2:43  SCV  
  31  2:55  Supply Depot  
  31  3:02  Supply Depot  
  31  3:16  Marine x4  
  31  3:17  SCV  
  36  3:20  Barracks  
  36  3:29  SCV  
  37  3:34  Marine x4  
  37  3:41  SCV, Supply Depot  
  36  3:52  Marine x3  
  36  3:53  SCV  
  36  3:54  Marine  
  41  3:57  SCV  
  42  4:03  Supply Depot  
  42  4:05  SCV  
  42  4:08  Marine  
  42  4:09  SCV  
  45  4:10  Marine x3  
  45  4:12  Marine  
  49  4:17  SCV  
  49  4:22  SCV  
  51  4:26  Marine  
  51  4:27  Marine  
  51  4:28  Marine  
  51  4:29  SCV  
  51  4:30  Marine x2  
  57  4:34  SCV  
  58  4:40  Command Center  
  58  4:43  SCV  
  58  4:44  Marine  
  60  4:45  Marine  
  60  4:46  SCV  
  60  4:48  Marine  
  60  4:49  Marine  
  60  4:51  Marine  
  55  4:55  SCV  
  55  4:58  SCV  
  56  5:02  Marine  
  56  5:03  Marine  
  56  5:06  Marine  
  59  5:07  SCV, Marine  
  59  5:10  Marine  
  63  5:17  Orbital Command  
  63  5:19  SCV  
  63  5:20  Marine  
  64  5:31  SCV  
  64  5:34  Supply Depot  
  64  5:35  Marine x4  
  67  5:37  Barracks  
  67  5:38  Marine  
  67  5:41  Barracks  
  70  5:43  SCV  
  70  5:46  SCV  
  72  5:52  SCV  
  72  5:53  Marine x4  
  72  5:55  SCV  
  72  5:56  Marine, Supply Depot  
  79  5:58  SCV  
  74  6:04  SCV  
  74  6:07  SCV, Supply Depot  
  74  6:10  SCV, Marine  
  74  6:11  Marine x3  
  66  6:14  Marine, Barracks  
  66  6:16  SCV  
  70  6:20  SCV  
  70  6:22  SCV  
  70  6:24  Marine  
  73  6:28  Marine x2  
  73  6:29  Marine x2  
  73  6:30  Orbital Command  
  73  6:31  Marine  
  73  6:32  SCV  
  79  6:33  Marine  
  79  6:34  SCV  
  74  6:42  Marine  
  74  6:44  SCV  
  74  6:46  SCV, Marine x3  
  75  6:47  Marine  
  75  6:49  Marine  
  75  6:51  Marine  
  79  6:56  SCV  
  79  6:59  SCV x2  
  79  7:00  Marine  
  83  7:04  Marine x3  
  83  7:05  Marine  
  83  7:07  Marine x2  
  83  7:08  SCV, Marine  
  90  7:11  SCV x2  
  90  7:15  Supply Depot  
  93  7:16  Supply Depot  
  93  7:17  Marine  
  93  7:18  Supply Depot  
  93  7:20  SCV  
  93  7:22  Marine x4  
  98  7:23  SCV x2  
  98  7:25  Marine x2  
  98  7:26  Marine  
  98  7:27  Barracks  
  103  7:31  Barracks  
  103  7:32  SCV  
  103  7:35  SCV, Marine  
  84  7:40  Marine x4  
  84  7:42  SCV  
  84  7:43  Marine x2  
  88  7:44  SCV, Marine  
  88  7:49  SCV, Command Center  
  91  7:53  Marine  
  91  7:54  SCV  
  91  7:56  SCV  
  91  7:57  Marine  
  91  7:58  Marine x3  
  97  8:00  Marine  
  97  8:01  Marine  
  97  8:02  SCV  
  101  8:06  SCV  
  101  8:08  SCV, Marine  
  101  8:09  Supply Depot  
  101  8:11  Marine  
  105  8:14  SCV  
  105  8:15  Marine x2  
  105  8:16  Marine x2  
  105  8:18  Marine x2  
  112  8:21  SCV x2  
  112  8:23  Marine x2  
  112  8:26  SCV, Marine  
  118  8:29  Marine  
  118  8:32  Supply Depot  
  118  8:33  SCV x2, Marine x3  
  118  8:34  Marine  
  112  8:36  Marine x2  
  112  8:38  SCV  
  112  8:41  Marine x2  
  108  8:44  Marine  
  108  8:45  SCV  
  108  8:47  Marine  
  112  8:50  SCV  
  112  8:51  Marine x4  
  112  8:54  Marine x2  
  89  8:57  SCV  
  89  8:59  Marine x2  
  89  9:02  SCV, Marine  
  82  9:04  Marine, Orbital Command  
  82  9:09  SCV, Marine x4  
  87  9:12  Marine x2  
  87  9:14  SCV  
  87  9:16  Marine  
  87  9:17  Marine  
  79  9:19  Marine  
  79  9:21  SCV  
  79  9:22  Marine  
  72  9:26  SCV, Marine  
  72  9:27  Marine x3  
  72  9:30  Command Center  
  72  9:33  SCV  
  72  9:37  Marine x4  
  72  9:38  SCV, Marine  
  78  9:39  SCV  
  81  9:45  SCV  
  81  9:50  SCV  
  81  9:51  SCV  
  83  9:54  Marine x4  
  83  9:55  Marine x2  
  83  9:57  SCV  
  90  10:00  Marine x2  
  90  10:01  Marine  
  90  10:02  Marine  
  90  10:03  SCV x2  
  96  10:09  SCV  
  96  10:12  Marine x5  
  96  10:13  Marine  
  103  10:15  SCV x2  
  103  10:19  Marine x3  
  108  10:22  SCV  
  108  10:27  SCV x2, Marine  
  93  10:29  Marine  
  93  10:30  Marine x3  
  93  10:34  SCV  
  94  10:38  Marine  
  94  10:39  SCV x2, Marine x4  
  92  10:46  SCV  
  92  10:49  Orbital Command  
  93  10:51  SCV x2  
  95  10:58  SCV  
  95  11:01  Marine x4  
  95  11:02  Marine x4  
  95  11:03  SCV x2  
  103  11:06  Marine x2  
  103  11:11  SCV  
  99  11:15  SCV x2  
  99  11:17  SCV  
  102  11:19  Marine x6  
  102  11:21  Marine x2  
  102  11:23  SCV  
  102  11:24  Marine  
  104  11:26  Marine  
  104  11:27  SCV  
  104  11:28  SCV  
  104  11:29  SCV  
  104  11:35  SCV  
  104  11:36  Marine x2  
  104  11:37  Marine x4  
  104  11:38  Marine  
  104  11:39  SCV, Marine  
  114  11:40  SCV  
  114  11:41  SCV  
  114  11:42  Marine  
  114  11:44  Marine  
  118  11:47  SCV  
  118  11:51  SCV  
  120  11:54  Marine x3  
  120  11:55  Barracks  
  120  11:56  Marine x3  
  120  11:57  Marine x2  
  120  11:58  SCV x2  
  120  11:59  SCV, Barracks  
  120  12:00  Marine  
  132  12:02  Marine  
  133  12:12  Marine x3  
  133  12:14  SCV, Marine x5  
  133  12:15  SCV x3  
  145  12:17  Marine, Command Center  
  145  12:20  Marine  
  147  12:27  SCV x3  
  150  12:30  Marine x3  
  150  12:31  Marine  
  150  12:32  Marine x4  
  150  12:35  Marine  
  159  12:38  Marine  
  159  12:39  Barracks  
  159  12:41  Barracks  
  159  12:43  Barracks  
  160  12:45  SCV, Barracks  
  160  12:46  SCV x3  
  160  12:47  Marine x2, Barracks x2  
  160  12:48  Marine x3  
  160  12:49  Marine  
  160  12:50  Marine x2  
  143  12:54  Marine x3  
  143  12:55  Marine  
  143  12:58  SCV x2  
  139  13:03  Supply Depot  
  139  13:04  Supply Depot  
  139  13:05  Marine x3  
  131  13:06  Marine x2  
  131  13:07  Marine x2  
  131  13:08  Marine  
  131  13:12  Marine  
  138  13:18  Marine x3  
  141  13:22  Marine  
  141  13:23  Marine x3  
  141  13:24  Marine  
  141  13:25  Marine x3  
  141  13:26  Marine  
  150  13:28  Supply Depot  
  150  13:29  Supply Depot  
  150  13:30  Marine x2  
  150  13:31  Marine  
  150  13:32  Marine  
  150  13:34  SCV  
  155  13:35  SCV  
  155  13:36  Marine x3  
  155  13:40  Marine x2  
  161  13:41  Marine x3  
  161  13:43  Marine, Command Center  
  161  13:47  SCV x2  
  161  13:48  SCV  
  168  13:49  SCV x2  
  168  13:51  Marine  
  168  13:52  Marine x5  
  176  13:59  SCV x2  
  176  14:00  Barracks  
  174  14:04  Barracks  
  174  14:05  Barracks  
  133  14:11  Marine  
  133  14:12  Marine x12  
  133  14:13  Marine  
  133  14:14  Marine x2  
  133  14:16  SCV x2  
  145  14:19  Command Center  
  145  14:21  Orbital Command  
  145  14:23  Command Center  
  145  14:33  Marine x2  
  145  14:34  Marine x2  
  145  14:37  Marine x4  
  145  14:38  Marine x4  
  154  14:39  Marine  
  154  14:43  Marine x2  
  154  14:44  Marine x3  
  154  14:46  Marine  
  154  14:51  Marine x3  
  154  14:52  Marine  
  131  14:54  Marine x2  
  131  14:55  Marine x4  
  131  14:56  Marine x5  
  130  15:01  Marine x3  
  130  15:02  Marine x2  
  130  15:04  Marine  
  129  15:09  Marine x4  
  129  15:12  Marine x3  
  129  15:13  Marine x4  
  129  15:14  Marine x4  
  128  15:18  SCV x5  
  128  15:19  Marine x4  
  128  15:20  Marine  
  133  15:22  Marine  
  133  15:27  Marine x4  
  133  15:28  SCV  
  120  15:30  SCV x2, Marine x4  
  120  15:31  Marine x3  
  120  15:32  Marine x4  
  116  15:37  Marine x5  
  116  15:40  Marine  
  115  15:44  Marine  
  115  15:45  Marine x3  
  115  15:47  Marine  
  115  15:48  Marine x4  
  115  15:49  SCV x2, Marine x4  
  111  15:50  Marine x2  
  111  15:54  Marine  
  111  15:55  Marine x3  
  111  15:58  Marine  
  111  16:02  Marine x2  
  111  16:03  Marine x2  
  104  16:05  Marine  
  104  16:06  Marine x4  
  104  16:07  Marine x4  
  104  16:08  Marine  
  104  16:09  SCV x2  
  104  16:10  SCV  
  109  16:11  SCV  
  109  16:12  SCV x4, Marine  
  109  16:13  Marine x2  
  110  16:20  Marine x2  
  110  16:21  SCV x2, Marine  
  110  16:22  SCV  
  110  16:24  SCV, Marine x4  
  110  16:25  Marine x4  
  113  16:26  Marine  
  113  16:30  Marine  
  113  16:31  Marine  
  109  16:38  SCV x4, Marine x2  
  109  16:39  SCV  
  108  16:42  Marine x4  
  108  16:43  Marine x5  
  108  16:44  SCV  
  108  16:45  SCV x2  
  107  16:48  Marine  
  107  16:50  SCV x4  
  107  16:51  SCV  
  98  16:56  Marine x2  
  98  16:57  SCV x2  
  98  16:59  SCV, Marine  
  98  17:00  Marine x4  
  98  17:01  Marine x4  
  100  17:02  SCV x2  
  100  17:03  SCV x2  
  100  17:06  Marine  
  105  17:14  Marine x2  
  106  17:17  SCV, Marine x2  
  106  17:18  SCV x5, Marine x4  
  106  17:19  Marine x3  
  121  17:24  Marine  
  120  17:30  SCV x5  
  120  17:31  SCV  
  120  17:32  Marine x2  
  120  17:35  Marine x3  
  120  17:36  Marine x4  
  120  17:37  Marine x2  
  123  17:41  Marine  
  123  17:42  SCV x2  
  123  17:43  SCV x4  
  132  17:50  Marine x2  
  134  17:53  Marine x4  
  134  17:54  SCV x2, Marine x4  
  134  17:55  SCV x4, Marine  
  149  17:59  Marine  
  150  18:06  SCV  
  150  18:07  SCV x2, Marine  
  150  18:09  SCV x3  
  157  18:18  SCV  
  157  18:19  SCV x2  
  160  18:21  SCV x3, Marine x3  
  160  18:22  Marine x2, Barracks  
  160  18:25  Barracks x2  
  160  18:26  Barracks  
  164  18:29  Barracks  
  164  18:30  SCV  
  164  18:31  SCV  
  151  18:37  Command Center  
  151  18:40  Marine x4  
  151  18:41  Marine x8  
  159  18:48  SCV x3  
  157  18:52  SCV x3  
  159  18:58  Marine x10  
  159  18:59  Marine x2  
  159  19:00  SCV  
  171  19:04  SCV x5  
  156  19:11  Marine x3  
  156  19:12  SCV, Marine  
  156  19:15  Barracks  
  156  19:16  SCV x3, Marine x12  
  165  19:23  Marine  
  157  19:24  SCV x3  
  157  19:28  SCV x3  
  157  19:29  Marine x3  
  157  19:30  Marine  
  158  19:33  Marine  
  158  19:34  Marine x11  
  158  19:36  SCV x3  
  158  19:37  Barracks  
  166  19:40  SCV x3, Marine  
  165  19:47  Marine x3  
  165  19:48  SCV x2, Marine  
  165  19:49  SCV  
  165  19:51  Marine  
  165  19:52  SCV x3, Marine x11  
  185  19:54  SCV  
  185  19:58  Marine  
  188  20:00  SCV x2  
  188  20:01  SCV  
  188  20:04  SCV x3  
  188  20:05  Marine x3  
  188  20:06  SCV, Marine  
  183  20:09  Marine x4, Barracks  
  183  20:10  Marine x5  
  183  20:11  Marine x3, Barracks x2  
  183  20:12  SCV  
  183  20:13  SCV x2  
  188  20:16  SCV x2, Marine  
  188  20:20  SCV x2  
  190  20:22  Marine  
  190  20:23  Marine x3  
  190  20:24  SCV, Barracks  
  190  20:25  SCV x2  
  190  20:27  Marine x3  
  200  20:42  Command Center  
  200  20:53  Marine  
  199  20:58  Marine x2  
  199  21:02  Marine x2  
  199  21:03  Marine  
  177  21:14  Barracks  
  177  21:15  Barracks  
  177  21:16  Barracks  
  177  21:19  Barracks  
  177  21:20  Barracks  
  177  21:21  Barracks x2  
  177  21:22  Barracks x2  
  177  21:24  Marine x4, Barracks  
  177  21:25  Marine x5  
  184  21:26  Marine x12  
  184  21:28  Barracks x2  
  184  21:30  Barracks x2  
  184  21:32  Barracks  
  198  21:36  Barracks  
  198  21:42  Marine x2  
  200  21:51  Marine  
  200  21:58  Marine x4  
  200  21:59  Marine x5  
  164  22:07  Barracks  
  161  22:10  Marine x3, Barracks  
  161  22:11  Marine x6  
  161  22:12  Marine x5  
  161  22:13  Marine x5  
  161  22:14  Marine x3  
  161  22:15  Marine  
  182  22:16  Marine x3  
  182  22:17  Marine x5  
  182  22:18  Marine x4  
  194  22:28  Marine x4  
  194  22:29  Marine x2  
  200  22:31  Marine  
  200  22:32  Marine  
  200  22:33  Marine  
  200  22:36  Marine  
  200  22:38  Marine  
  196  22:46  Marine x6  
  196  22:47  Marine x2  
  199  22:56  Barracks  
  200  22:59  Barracks